Cogmind - Beta 14 *** ADVENTURER MODE // 2024.08.24 @ 01:44:39 Player: KURIIRI Result: Self-destructed Performance ------------- Evolutions (3) 1500 Regions Visited (8) 1600 Robots Destroyed (134) 670 Value Destroyed (3603) 3603 Prototype IDs (10) 200 Alien Tech Used (0) 0 Bonus (710) 710 TOTAL SCORE: 8283 Bonus ------- High Alert Combat Kills 210 Entered DSFs 500 Cogmind --------- Core Integrity 700/700 Matter 277/300 Energy 81/100 System Corruption 7% Temperature Cool (0) Movement Hovering (42) Location -7/DSF Parts ------- > --- POWER (1) -------- (None) > --- PROPULSION (5) --- Hover Unit Airjet Gravmag System Gravmag System Improved Airjet > --- UTILITY (5) ------ Medium Storage Unit Improved Medium Armor Plating Hacking Suite System Shield > --- WEAPON (2) ------- Hypervelocity Gauss Cannon Great Maul > --- INVENTORY (10) --- Gravmag System Gravmag System Gravmag System Advanced Targeting Computer Transmission Jammer Advanced ECM Suite Hardened Light Armor Plating Hacking Suite Cooled Pulse Rifle Gauss Rifle Peak State ------------ > --- POWER ------------ Light Deuterium Engine > --- PROPULSION ------- Hover Unit Airjet Gravmag System Gravmag System Improved Airjet > --- UTILITY ---------- Medium Storage Unit Reaction Control System Improved Medium Armor Plating Hacking Suite System Shield > --- WEAPON ----------- Hypervelocity Gauss Cannon Great Maul > --- INVENTORY -------- Gravmag System Gravmag System Gravmag System Advanced Targeting Computer Transmission Jammer Advanced ECM Suite Hardened Light Armor Plating Hacking Suite Cooled Pulse Rifle Gauss Rifle [Rating: 46] Favorites ----------- Power Ion Engine Engine Ion Engine Power Core Light Nuclear Core Propulsion Light Treads Treads Light Treads Hover Unit Airjet Utility Large Storage Unit Device Sensor Array Storage Large Storage Unit Hackware Hacking Suite Protection Light Armor Plating Weapon EM Pulse Gun Energy Gun EM Pulse Gun Energy Cannon Advanced Beam Cannon Ballistic Gun Assault Rifle Ballistic Cannon Light Cannon Launcher Grenade Launcher Impact Weapon Great Maul Special Melee Weapon Datajack Build | -11 -10 -10 -9 -8 -7 -7 -7 -7 ------- Run | Yrd Mat Min Mat Mat Fac Was Fac DSF Slots Evolved 6 | . . . 2 2 2 . . . Power . | . . . . . . . . . Propulsion 3 | . . . . 1 2 . . . Utility 3 | . . . 2 1 . . . . Weapon . | . . . . . . . . . Parts Attached 79 | 5 15 . 18 27 13 1 . . Power 3 | . 1 . . 2 . . . . Engine 2 | . 1 . . 1 . . . . Core 1 | . . . . 1 . . . . Reactor . | . . . . . . . . . Propulsion 24 | 2 4 . 4 10 4 . . . Treads 13 | 2 4 . 4 3 . . . . Leg . | . . . . . . . . . Wheel . | . . . . . . . . . Hover 11 | . . . . 7 4 . . . Flight . | . . . . . . . . . Utility 17 | 1 2 . 4 7 3 . . . Device 4 | . . . 1 2 1 . . . Storage 3 | 1 1 . . 1 . . . . Processor . | . . . . . . . . . Hackware 2 | . . . . 1 1 . . . Protection 8 | . 1 . 3 3 1 . . . Artifact . | . . . . . . . . . Weapon 35 | 2 8 . 10 8 6 1 . . Energy Gun 10 | 1 3 . 1 2 3 . . . Energy Cannon 4 | . . . 3 1 . . . . Ballistic Gun 9 | 1 3 . . 3 2 . . . Ballistic Cannon 3 | . 2 . . . . 1 . . Launcher 4 | . . . 2 2 . . . . Special Weapon . | . . . . . . . . . Impact Weapon 4 | . . . 3 . 1 . . . Slashing Weapon . | . . . . . . . . . Piercing Weapon . | . . . . . . . . . Special Melee Weapon 1 | . . . 1 . . . . . Unidentified Prototypes 8 | . . . 1 5 2 . . . Parts Lost 11 | . 1 . 2 7 . . . 1 Power 2 | . . . . 1 . . . 1 Propulsion 3 | . . . 1 2 . . . . Utility 4 | . . . 1 3 . . . . Weapon 2 | . 1 . . 1 . . . . Highest Loss Streak 2 | . 1 . 1 2 . . . 1 To Critical Strikes . | . . . . . . . . . Average Slot Usage (%) 83 | . 82 85 82 77 93 100 100 100 Engine 3 | . 12 . . 1 7 7 7 7 Treads 20 | . 27 28 22 16 . . . . Hover 5 | . . . . 9 37 38 38 38 Device 6 | . . . 9 7 10 7 7 7 Storage 11 | . 14 14 11 9 7 7 7 7 Hackware 1 | . . . . 1 13 15 15 15 Protection 11 | . . 14 18 11 1 7 7 7 Energy Gun 6 | . 16 14 3 . . . . . Energy Cannon 3 | . . . 6 1 . . . . Ballistic Gun 4 | . 9 14 . 3 4 5 . . Impact Weapon 6 | . . . 10 9 7 7 7 7 Peak Build Rating 46 | 5 10 8 16 25 45 46 46 46 Average Rating 14 | 3 7 8 12 21 37 44 46 45 On Entrance 21 | . 5 8 8 16 20 44 46 46 Naked Turns . | . . . . . . . . . Heaviest Build 43 | 8 31 27 39 43 31 37 37 37 Greatest Support 64 | 40 40 40 40 64 41 41 41 41 Greatest Overweight (x) 6 | . 6 . 1 2 . . . . Average Overweight (x) . | . . . . . . . . . Largest Inventory Capacity 15 | 8 15 15 15 15 10 10 10 10 Average Capacity 14 | 7 14 15 15 13 10 10 10 10 Most Carried 15 | 5 15 14 15 15 10 10 10 10 Average Carried 12 | 2 10 14 14 12 8 10 10 10 Final Capacity 15 | 8 15 15 15 10 10 10 10 10 Final Carried 15 | 3 14 14 15 6 10 10 10 10 Class Distribution -------------------- 88% | Mutant 11% | Hacker-Mutant Dominant Class ---------------- Mutant | -10/Materials Mutant | -10/Mines Mutant | -9/Materials Mutant | -8/Materials Hacker-Mutant | -7/Factory Hacker-Mutant | -7/Waste Hacker-Mutant | -7/Factory Hacker-Mutant | -7/DSF Resources | -11 -10 -10 -9 -8 -7 -7 -7 -7 ----------- Run | Yrd Mat Min Mat Mat Fac Was Fac DSF Matter Collected 1620 | 251 289 197 177 558 148 . . . Remotely . | . . . . . . . . . Salvage Created 4301 | 24 623 363 1449 1430 392 . . 20 Parts 206 | 5 49 22 70 50 8 . . 2 Haulers Intercepted 15 | . 2 . 5 6 2 . . . Recyclers Shooed 2 | . . . 1 . 1 . . . Parts Field Recycled . | . . . . . . . . . Retrieved Matter . | . . . . . . . . . Parts Self-Destructed . | . . . . . . . . . Prevented . | . . . . . . . . . Kills | -11 -10 -10 -9 -8 -7 -7 -7 -7 ------- Run | Yrd Mat Min Mat Mat Fac Was Fac DSF Combat Hostiles Destroyed 84 | . 11 14 28 27 3 . . 1 Melee 20 | . . . 11 7 1 . . 1 Guns 23 | . 9 10 1 3 . . . . Cannons 6 | . . . 6 . . . . . AOE 22 | . 2 4 5 11 . . . . Classes Destroyed 13 | 1 4 2 2 2 1 . . 1 Worker 2 | . . . . 2 . . . . Builder 8 | . 3 1 . 4 . . . . Tunneler 2 | 1 . 1 . . . . . . Hauler 15 | . 2 . 5 6 2 . . . Recycler 6 | . . 1 4 1 . . . . Mechanic 1 | . . . . . 1 . . . Operator 4 | . . . 3 . 1 . . . Watcher 12 | . 3 . 5 2 2 . . . Swarmer 22 | . . 12 10 . . . . . Cutter 1 | . . . . . . . . 1 Grunt 45 | . 11 2 9 21 2 . . . Duelist 2 | . . . . 2 . . . . Sentry 14 | . . . 9 4 1 . . . Best Kill Streak 9 | 1 5 6 4 9 3 . . 1 Combat Bots Only 6 | . 4 6 4 6 2 . . 1 Max Kills in Single Turn 3 | 1 3 3 3 3 1 . . 1 Gunslinging . | . . . . . . . . . Exploded 3 | . 2 2 3 2 . . . . Melee 1 | . . . 1 1 1 . . 1 Uniques/NPCs Destroyed . | . . . . . . . . . Combat | -11 -10 -10 -9 -8 -7 -7 -7 -7 -------- Run | Yrd Mat Min Mat Mat Fac Was Fac DSF Hostile Shots Fired 357 | . 24 35 135 142 12 . . 9 Missed 101 | . 6 10 36 41 4 . . 4 Damage Taken 2874 | . 222 181 933 1288 63 . . 187 Core 471 | . 34 17 145 275 . . . . Absorbed by Shields . | . . . . . . . . . Ignored by Resistances 827 | . 63 56 276 364 18 . . 50 Regen/Repaired (Parts) 37 | . . . 37 . . . . . Core Remaining (%) 73 | 100 . 79 63 50 . . . . Volleys Fired 189 | 1 47 23 58 49 11 . . . Largest 2 | 2 2 2 1 1 1 . . . Hottest 80 | 60 80 60 68 60 55 . . . Shots Fired 255 | 2 93 42 58 49 11 . . . Gun 188 | 2 91 42 20 22 11 . . . Cannon 44 | . 2 . 35 7 . . . . Launcher 23 | . . . 3 20 . . . . Special . | . . . . . . . . . Kinetic 116 | 1 68 23 . 22 2 . . . Thermal 51 | . . . 35 7 9 . . . Explosive 23 | . . . 3 20 . . . . Electromagnetic 65 | 1 25 19 20 . . . . . Robot Hit Streak 16 | . 11 8 15 16 1 . . . Robot Miss Streak 4 | . 3 2 4 2 . . . . Penetration Max . | . . . . . . . . . Secondary Targets 4 | . 2 2 . . . . . . Max Gunslinging Chain 1 | . 1 1 . . . . . . Shots Hit Robots 247 | . 46 28 96 63 12 . . 2 Core Hits 134 | 1 22 20 31 58 2 . . . Critical Kills 7 | . . . 4 3 . . . . Critical Parts Destroyed 26 | . . . 17 7 2 . . . Critical Strikes 39 | . . 1 25 11 2 . . . Corrupt 2 | . . 1 1 . . . . . Smash 37 | . . . 24 11 2 . . . Melee Attacks 142 | . . . 76 50 13 . . 3 Impact 139 | . . . 73 50 13 . . 3 Slashing . | . . . . . . . . . Piercing . | . . . . . . . . . Sneak Attacks 28 | . . . 16 7 5 . . . Combat Hostiles 3 | . . . 2 . 1 . . . Follow-up Attacks . | . . . . . . . . . Damage Inflicted 10372 | 23 1097 577 3916 3831 823 . . 105 Guns 1403 | 23 703 356 115 190 16 . . . Cannons 592 | . 18 . 574 . . . . . Explosions 2505 | . 376 197 383 1549 . . . . Melee 5843 | . . . 2840 2091 807 . . 105 Ramming 29 | . . 24 4 1 . . . . Kinetic 952 | 10 565 171 . 190 16 . . . Thermal 1260 | . 376 197 687 . . . . . Explosive 1819 | . . . 270 1549 . . . . Electromagnetic 469 | 13 156 185 115 . . . . . Impact 5843 | . . . 2840 2091 807 . . 105 Slashing . | . . . . . . . . . Piercing . | . . . . . . . . . Highest Corruption 7 | . 1 1 . . . 7 7 7 Average Corruption 1 | . 1 1 . . . 7 7 7 Corruption Purged . | . . . . . . . . . Corruption Blocked . | . . . . . . . . . Effects 17 | . 7 6 . . . 1 2 1 Message Errors 8 | . 3 3 . . . 1 . 1 Matter Fused 3 | . 1 . . . . . 2 . Energy Discharges 1 | . 1 . . . . . . . Data Loss (minor) 3 | . 1 2 . . . . . . Data Loss (major) 1 | . . 1 . . . . . . Misfires 1 | . 1 . . . . . . . Overload Shots . | . . . . . . . . . Overflow Damage 2220 | . 119 4 1088 695 283 . . 31 Projectiles 23 | . . . 17 6 . . . . Explosions 175 | . 119 4 44 8 . . . . Melee 2022 | . . . 1027 681 283 . . 31 Knockbacks 16 | . . . 7 6 2 . . 1 Impact 15 | . . . 7 5 2 . . 1 Kinetic . | . . . . . . . . . Secondary 1 | . . . . 1 . . . . Self-Inflicted Damage 63 | . 28 11 8 16 . . . . Shots 4 | . 1 1 1 1 . . . . Rammed 6 | . . 4 1 1 . . . . Targets Rammed 7 | . . 5 1 1 . . . . Kicked . | . . . . . . . . . Crushed 1 | . . 1 . . . . . . Highest Temperature 333 | 10 90 12 333 168 4 . . . Average Temperature 42 | 7 23 7 72 32 2 . . . Received Heat Transfer 1470 | . 177 18 417 819 39 . . . Siege Activations . | . . . . . . . . . Robots Corrupted 31 | . . . 12 13 6 . . . Combat Hostiles 13 | . . . 5 6 2 . . . Parts Fried 40 | . 1 . 12 23 3 . . 1 Impact Corruptions 76 | . . . 39 25 11 . . 1 Robots Melted . | . . . . . . . . . Combat Hostiles . | . . . . . . . . . Parts Melted 4 | . 1 1 2 . . . . . Heat Transferred 1549 | . 250 250 1049 . . . . . Parts Sabotaged . | . . . . . . . . . Parts Stolen . | . . . . . . . . . Parts Stripped . | . . . . . . . . . Power Chain Reactions 4 | . 1 3 . . . . . . Alert | -11 -10 -10 -9 -8 -7 -7 -7 -7 ------- Run | Yrd Mat Min Mat Mat Fac Was Fac DSF Peak Influence 732 | 5 249 306 732 659 474 153 94 78 Initial 263 | . 2 2 61 263 199 138 94 57 Average 261 | . 122 174 281 419 321 144 94 63 Maximum Alert Level 3 | . 1 1 3 2 2 . . . Low Security (%) 33 | 100 73 63 19 2 9 100 100 100 Level 1 47 | . 26 36 67 36 69 . . . Level 2 17 | . . . 10 60 20 . . . Level 3 . | . . . 2 . . . . . Level 4 . | . . . . . . . . . Level 5 . | . . . . . . . . . High Security . | . . . . . . . . . Max Security . | . . . . . . . . . Squads Dispatched 22 | . 2 . 5 12 2 . . 1 Investigation 11 | . 2 . 3 6 . . . . Extermination . | . . . . . . . . . Reinforcement 7 | . . . 2 2 2 . . 1 Assault 1 | . . . . 1 . . . . Garrison 3 | . . . . 3 . . . . Intercept . | . . . . . . . . . Searches Triggered . | . . . . . . . . . Construction Impeded 1 | . . . . 1 . . . . Haulers Reinforced . | . . . . . . . . . Active Scanning Responses . | . . . . . . . . . Cargo Convoy Interrupts . | . . . . . . . . . Stealth | -11 -10 -10 -9 -8 -7 -7 -7 -7 --------- Run | Yrd Mat Min Mat Mat Fac Was Fac DSF Distress Signals 6 | . . . 2 4 . . . . Communications Jammed . | . . . . . . . . . Distress Signals . | . . . . . . . . . Times Spotted 141 | . 13 13 43 54 10 5 . 3 Peak Tracking Total 12 | . 2 3 4 12 3 5 . 3 Tactical Retreats 17 | . . . 7 9 1 . . . Traps | -11 -10 -10 -9 -8 -7 -7 -7 -7 ------- Run | Yrd Mat Min Mat Mat Fac Was Fac DSF Traps Triggered 7 | . 3 . . 3 1 . . . Indirectly . | . . . . . . . . . Trap Hack Attempts . | . . . . . . . . . Triggered . | . . . . . . . . . Disarmed . | . . . . . . . . . Reprogrammed 1 | . . . . 1 . . . . Reused 1 | . . . . 1 . . . . Traps Extracted . | . . . . . . . . . Installed . | . . . . . . . . . Triggered 1 | . . . . 1 . . . . Machines | -11 -10 -10 -9 -8 -7 -7 -7 -7 ---------- Run | Yrd Mat Min Mat Mat Fac Was Fac DSF Machines Disabled 28 | . 5 2 13 3 5 . . . Max in Single Turn 2 | . 2 1 2 1 2 . . . Garrison Access 2 | . . . . . 2 . . . Machines Repaired . | . . . . . . . . . Machines Dismantled . | . . . . . . . . . Machines Sabotaged . | . . . . . . . . . Overloaded Fab Kills . | . . . . . . . . . Hacking | -11 -10 -10 -9 -8 -7 -7 -7 -7 --------- Run | Yrd Mat Min Mat Mat Fac Was Fac DSF Machines Accessed 30 | . 8 . 10 7 4 . 1 . Terminals 21 | . 8 . 6 5 1 . 1 . Fabricators . | . . . . . . . . . Repair Stations 3 | . . . 2 . 1 . . . Recycling Units . | . . . . . . . . . Scanalyzers 4 | . . . 2 2 . . . . Garrison Access 2 | . . . . . 2 . . . Total Hacks 122 | . 35 . 37 41 8 . 1 . Successful 70 | . 17 . 22 27 3 . 1 . Failed 51 | . 17 . 15 14 5 . . . Catastrophic 2 | . 1 . . . 1 . . . Database Lockouts 1 | . 1 . . . . . . . Manual 62 | . 25 . 17 19 1 . . . Terminals 85 | . 35 . 22 26 1 . 1 . Fabricators . | . . . . . . . . . Repair Stations 8 | . . . 6 . 2 . . . Recycling Units . | . . . . . . . . . Scanalyzers 24 | . . . 9 15 . . . . Garrison Access 5 | . . . . . 5 . . . Terminal Hacks 22 | . 9 . 5 7 . . 1 . Part Schematic 2 | . . . 1 1 . . . . Robot Analysis 6 | . 5 . . 1 . . . . Prototype ID Bank 2 | . 1 . 1 . . . . . Open DSF 1 | . . . . . . . 1 . Level Access Points 1 | . . . 1 . . . . . Branch Access Points 1 | . . . . 1 . . . . Terminal Index 1 | . 1 . . . . . . . Unreport Threat 5 | . 1 . 1 3 . . . . Locate Traps 1 | . 1 . . . . . . . Reprogram Traps 1 | . . . . 1 . . . . Registered Components 1 | . . . 1 . . . . . Fabricator Hacks . | . . . . . . . . . Repair Station Hacks 4 | . . . 3 . 1 . . . Scan Component 3 | . . . 2 . 1 . . . Repair 1 | . . . 1 . . . . . Recycling Unit Hacks . | . . . . . . . . . Scanalyzer 23 | . . . 9 14 . . . . Insert Component 10 | . . . 4 6 . . . . Analyze 13 | . . . 5 8 . . . . Garrison Access Hacks 2 | . . . . . 2 . . . Seal Access 2 | . . . . . 2 . . . Unauthorized Hacks 19 | . 8 . 5 6 . . . . Terminals 18 | . 8 . 5 5 . . . . Botnet 18 | . 8 . 5 5 . . . . Fabricators . | . . . . . . . . . Repair Stations . | . . . . . . . . . Recycling Units . | . . . . . . . . . Scanalyzers 1 | . . . . 1 . . . . Extract 1 | . . . . 1 . . . . Garrison Access . | . . . . . . . . . Data Cores Recovered 1 | . . . 1 . . . . . Used 1 | . . . 1 . . . . . Hacking Detections 25 | . 8 . 9 6 2 . . . Full Trace Events 12 | . 4 . 5 3 . . . . Feedback Events 1 | . 1 . . . . . . . Corruption 1 | . 1 . . . . . . . Feedback Blocked . | . . . . . . . . . Robot Schematics Acquired . | . . . . . . . . . Robots Built . | . . . . . . . . . Authchips . | . . . . . . . . . Time . | . . . . . . . . . Total Robot Build Rating . | . . . . . . . . . Part Schematics Acquired 15 | . . . 5 10 . . . . Parts Built . | . . . . . . . . . Authchips . | . . . . . . . . . Time . | . . . . . . . . . Total Part Build Rating . | . . . . . . . . . Parts Repaired 1 | . . . 1 . . . . . Time 26 | . . . 26 . . . . . Parts Recycled . | . . . . . . . . . Recycled Matter . | . . . . . . . . . Retrieved Matter . | . . . . . . . . . Retrieved Components . | . . . . . . . . . Parts Scanalyzed 10 | . . . 4 6 . . . . Part Schematics Acquired 10 | . . . 4 6 . . . . Parts Damaged . | . . . . . . . . . Bothacking | -11 -10 -10 -9 -8 -7 -7 -7 -7 ------------ Run | Yrd Mat Min Mat Mat Fac Was Fac DSF Used RIF Installer . | . . . . . . . . . Robots Hacked 1 | . . . 1 . . . . . Non-combat 1 | . . . 1 . . . . . Combat . | . . . . . . . . . Robot Hacks Applied 3 | . . . 3 . . . . . parse_system 1 | . . . 1 . . . . . no_distress 1 | . . . 1 . . . . . find_station 1 | . . . 1 . . . . . Relay Couplers Released . | . . . . . . . . . Fabnet Peak Effective % . | . . . . . . . . . Robots Rewired . | . . . . . . . . . Allies Hacked . | . . . . . . . . . Hacks Repelled . | . . . . . . . . . Allies | -11 -10 -10 -9 -8 -7 -7 -7 -7 -------- Run | Yrd Mat Min Mat Mat Fac Was Fac DSF Total Allies . | . . . . . . . . . Largest Group . | . . . . . . . . . Highest-Rated Group . | . . . . . . . . . Highest-Rated Ally . | . . . . . . . . . Total Orders . | . . . . . . . . . Ally Attacks . | . . . . . . . . . Total Damage . | . . . . . . . . . Kills . | . . . . . . . . . Allies Corrupted . | . . . . . . . . . Allies Melted . | . . . . . . . . . Intel | -11 -10 -10 -9 -8 -7 -7 -7 -7 ------- Run | Yrd Mat Min Mat Mat Fac Was Fac DSF Robot Analysis Total 6 | . 5 . . 1 . . . . Derelict Logs Recovered 2 | . . 2 . . . . . . Drone Launches . | . . . . . . . . . Drone Recoveries . | . . . . . . . . . Exploration | -11 -10 -10 -9 -8 -7 -7 -7 -7 ------------- Run | Yrd Mat Min Mat Mat Fac Was Fac DSF Turns Passed 4937 | 61 906 646 1934 992 294 37 44 23 Spaces Moved 2943 | 37 455 359 793 663 415 83 105 33 Core 13 | 12 1 . . . . . . . Treads 1894 | 25 454 359 793 263 . . . . Legs . | . . . . . . . . . Wheels . | . . . . . . . . . Hover 1036 | . . . . 400 415 83 105 33 Flight . | . . . . . . . . . Fastest Speed 42 | 50 160 160 160 48 42 42 42 42 Average Speed 120 | 124 160 160 160 96 44 42 42 42 Slowest Speed 350 | 160 350 160 240 320 48 42 42 42 Overloaded Moves . | . . . . . . . . . Propulsion Burnouts . | . . . . . . . . . Robots Hopped . | . . . . . . . . . Cave-ins Triggered . | . . . . . . . . . Exploration Rate (%) 51 | 4 90 88 82 68 15 68 6 40 Regions Visited 8 Branch Regions 1 Pre-discovered Areas 1 | . . 1 . . . . . . Known Exits Taken 2 | . . . 1 . . . 1 . Unknown Exits Taken 4 | 1 1 1 . 1 . . . . Scrap Searched 2 | . . 2 . . . . . . Spaces Dug 12 | . . . 1 10 . . . 1 Terrain Destroyed 322 | . 51 9 88 137 36 . . 1 Melee 7 | . . . 1 5 . . . 1 Projectile 5 | . . . . 5 . . . . AOE 310 | . 51 9 87 127 36 . . . Terrain Rammed . | . . . . . . . . . Walls Destroyed . | . . . . . . . . . Machines Disabled . | . . . . . . . . . Actions | -11 -10 -10 -9 -8 -7 -7 -7 -7 --------- Run | Yrd Mat Min Mat Mat Fac Was Fac DSF Total 3848 | 50 554 386 1257 885 491 85 104 36 Wait 345 | . 7 . 277 50 11 . . . Move 2936 | 36 454 358 792 662 415 82 104 33 Hop . | . . . . . . . . . Pick Up 84 | 8 25 . 17 18 16 . . . Fast Attach 12 | . . . 3 5 3 1 . . Attach 51 | 5 14 . 5 17 10 . . . Detach 7 | . 1 . . 3 2 1 . . Swap 17 | . 1 . 10 6 . . . . Drop 58 | . 5 . 18 24 10 1 . . Fire 189 | 1 47 23 58 49 11 . . . Melee 142 | . . . 76 50 13 . . 3 Ram 1 | . . . . 1 . . . . Kick . | . . . . . . . . . Crush 6 | . . 5 1 . . . . . Escape Stasis . | . . . . . . . . . Rewire . | . . . . . . . . . Trap . | . . . . . . . . . Miscellaneous . | . . . . . . . . . Route ------- -11/Scrapyard -10/Materials (discovered 5 exits: *Mat x3 / [*Min x2]) -10/Mines (discovered 2 exits: *Mat x2) -9/Materials (discovered 4 exits: *Mat x3 / [*Min]) -8/Materials -7/Factory -7/Waste -7/Factory -7/DSF History --------- Turn | Location | Event 4 | -11/Scrapyard | Discovered new exit (range 15) 62 | -11/Scrapyard | Entered Materials 225 | -10/Materials | Discovered new exit (range 16) 300 | -10/Materials | Build established: Mutant 330 | -10/Materials | Discovered new exit (range 10) 576 | -10/Materials | Discovered new exit (range 9) 732 | -10/Materials | Discovered new exit (range 12) 765 | -10/Materials | Central database locked down 821 | -10/Materials | Discovered new exit (range 4) 968 | -10/Materials | Entered Mines 1106 | -10/Mines | Learned location of 1 exit from Materials 1124 | -10/Mines | Discovered new exit (range 9) 1544 | -10/Mines | Discovered new exit (range 12) 1614 | -10/Mines | Entered Materials 1614 | -9/Materials | Evolved 2 slots: Utility x2 1615 | -9/Materials | Identified exit to Materials 2164 | -9/Materials | Repaired EM Pulse Gun 2919 | -9/Materials | Discovered new exit (range 8) 3548 | -9/Materials | Entered another Materials area 3548 | -8/Materials | Evolved 2 slots: Propulsion x1, Utility x1 3948 | -8/Materials | First assault squad dispatched 4283 | -8/Materials | Garrison activated, responded to threat 4538 | -8/Materials | Discovered new exit (range 6) 4540 | -8/Materials | Entered Factory 4540 | -7/Factory | Evolved 2 slots: Propulsion x2 4686 | -7/Factory | Build established: Hacker-Mutant 4800 | -7/Factory | Discovered new exit (range 8) 4834 | -7/Factory | Sucked down chute 4834 | -7/Factory | Entered Waste 4847 | -7/Waste | Spotted C-40 Crusher 4848 | -7/Waste | Spotted C-40 Crusher 4848 | -7/Waste | Spotted C-40 Crusher 4849 | -7/Waste | EMP discharged 4849 | -7/Waste | Spotted C-40 Crusher 4850 | -7/Waste | Spotted C-40 Crusher 4854 | -7/Waste | Spotted C-40 Crusher 4864 | -7/Waste | Discovered new exit (range 11) 4871 | -7/Waste | Entered Factory 4915 | -7/Factory | Identified exit to DSF 4915 | -7/Factory | Entered DSF 4929 | -7/DSF | Additional patrols routed to DSF 4938 | -7/DSF | Self-destructed Last Messages --------------- AMBIENT_HEAT=-10 GOAL=ESCAPE 04917_ ALERT: Suspicious intruders detected, dispatching Cutter reinforcements to area. 04929_ Hostiles detected in DSF, routing additional patrols. 04932_ Lgt. Deuterium Engine destroyed. 04932_ Knocked back. 04932_ Destroyed Reaction Control System. 04932_ C-17 Slicer system corrupted by crushing effect. 04932_ Lgt. Nuclear Core fried. 04932_ C-17 Slicer destroyed. 04932_ Knocked back. 04935_ C-17 Slicer knocked back. 04936_ Penetrated by Slug. 04937_ 0LTLOJTXSXRWBWO 69ZFHIU0UBU 04937_ Reaction Control System severed. 04938_ Penetrated by Slug. 04938_ Knocked back. Map ----- +----------------------------------------------------+ | ????????????????????????????????????????? | | ????????????????????????????????????????? | | ????????????????????????????????????????? | | ????????????????????????????????????????? | | ????????????????????????????????????????? | | ????????????????????????????????????????? | | ????????????????????????????????????????? | | ????????????????????????????????????????? | | ????????????????????????????????????????? | | ????????? ?????????????????????????????? | | ????????" ?????????????????????????????? | | ????????# ?????????????????????????????? | | ????????# ?????????????????????????????? | | ????????= ?????????????????????????????? | | ????????= ?????????????????????????????? | | ???????## #????????????????#???????????? | | ???????#= =???????????????!#???????????? | | ???????#= =??????????????!!#???????????? | | ????????= =????????????? !!????????????? | | ??????### ##########??? #?????????????? | | ??????# ##!!!#!!!#?? ##????????????? | | ??????# ## ! #!!!##a a##!!!????????? | | ??????# ????????? | | ??????# % = H ????????? | | ??????# %=% ????????? | | ??????# # %@[c[## #????????????? | | ??????# ## #[[[#???????????????????? | | ??????### ##########???????????????????? | | ???????# ]]#??????????????????????????? | | ???????# ]]#??????????????????????????? | | ???????# ]]#??????????????????????????? | | ???????## ###??????????????????????????? | | ???????# #??????????????????????????? | | ???????# ####???????????????????????? | | ???????## ####"#####???????????????????? | | ??????### ###[[#]]]#???????????????????? | | ????###"" ##[[#]]]### ###???????????? | | ????""""" #???????????? | | ????"##"" #???????????? | | ??????#"""""##[[# #!!!!!!!#???????????? | | ??????#"""""#########??!!!!!#???????????? | | ??????####"##?????????????###???????????? | | ?????????#"#????????????????????????????? | | ?????????""#????????????????????????????? | | ?????????##?????????????????????????????? | | ????????????????????????????????????????? | | ????????????????????????????????????????? | | ????????????????????????????????????????? | | ????????????????????????????????????????? | | | +----------------------------------------------------+ Best States ------------- Heat Dissipation 34 Energy Generation 14 Energy Capacity 250 Matter Stores 300 Matter Capacity 300 Sight Range 16 Robot Scan Range 14 Terrain Scan Density 10 ECM Strength 1 Armor Coverage 300 Resistance: KI 20 Resistance: TH 20 Resistance: EX 20 Resistance: EM 20 Resistance: I 20 Resistance: S 20 Resistance: P 20 Evasion (%) 64 Recoil Reduction 3 Offensive Hacking 20 Defensive Hacking 10 Item Schematics ----------------- Imp. Hover Unit | -9/Materials | Hacked Hover Unit | -9/Materials | Scanalyzed Imp. Heat Sink | -9/Materials | Scanalyzed Plasma Cutter | -9/Materials | Scanalyzed ECM Suite | -9/Materials | Scanalyzed System Shield | -8/Materials | Hacked Hrd. Light Armor Plating | -8/Materials | Scanalyzed Aerolev Unit | -8/Materials | Scanalyzed Great Maul | -8/Materials | Scanalyzed Hacking Suite | -8/Materials | Scanalyzed Adv. Targeting Computer | -8/Materials | Scanalyzed Hvy. Particle Gun | -8/Materials | Scanalyzed Nuclear Core | -8/Materials | Extracted Minigun | -8/Materials | Extracted Imp. Terrain Scanner | -8/Materials | Extracted Robot Schematics ------------------ None Fabricated ------------ Nothing Alien Tech Used ----------------- None Achievements -------------- None Challenges ------------ None Game ------ Seed PotentialHugeMegatreads Manual? 0 Play Time 01:04:31 Cumulative 43.6 hours Start 2024.08.23 @ 19:38:16 End 2024.08.24 @ 01:44:39 Sessions 5 Manual Loads 0 Difficulty Adventurer Special Mode None Game No. 29 Rogue 0 Adventurer 29 Explorer 0 Win Type - Total 0 Types 0/0/0/0/0/0/0/0/0 Lore% 32 Gallery% 39 Achievement% 39 Wizard Run 0 Options --------- Layout 1 ASCII 0 Keyboard 0 Movement Numpad Keybinds 0 Fullscreen 1 Font 48/Smallcaps Map View 50x35 Zoom Use 0% Tactical HUD 1 Map Filters NONE Filters NONE Steam 1 RUN: af9417ab-6ff3-42ed-8cf4-f2fdcec2bde0